 Dungeon Crawl Stone Soup version 0.29.0-4-gdea44cf6ec (webtiles) character file.

Game seed: 14011044660632528101

994 112233 the Destroyer (level 7, -3/43 HPs)
             Began as a Felid Conjurer on Aug 26, 2022.
             Was an Initiate of Gozag.
             Hit by a silver javelin thrown by a gnoll (5 damage)
             ... on level 8 of the Dungeon.
             The game lasted 00:12:53 (10211 turns).

112233 the Destroyer (Felid Conjurer)              Turns: 10211, Time: 00:12:53

Health: -3/43      AC: 23    Str:  2    XL:     7   Next: 99%
Magic:  3/16       EV:  4    Int: 26    God:    Gozag
Gold:   486        SH:  5    Dex: 19    Spells: 5/17 levels left
                                        Lives:  0   Deaths: 2

rFire   . . .      SeeInvis +   (weapon unavailable)
rCold   . . .      Faith    .   (shield unavailable)
rNeg    . . .      Spirit   .   (body armour unavailable)
rPois   +          Reflect  +   (helmet unavailable)
rElec   .          Harm     .   (cloak unavailable)
rCorr   .          Rampage  .   (gloves unavailable)
Will    +....      NoTele   +   (boots unavailable)
Stlth   ++........              i - amulet of reflection
HPRegen 0.14/turn               s - +6 ring of dexterity
MPRegen 0.15/turn               (no ring)

@: tree-form (expiring)
A: stationary, stasis, torment immunity, boosted hp, very small, (claws 1),
(fangs 3), see invisible, (speed 1), (shaggy fur 3), (stealthy paws), no weapons
or thrown items, no armour, multi-lived, clever 1, robust 1, MP-powered wands
a: Renounce Religion, Potion Petition, Call Merchant, Bribe Branch


You were on level 8 of the Dungeon.
You worshipped Gozag.
Gozag was aware of your devotion.
You were a tree.
You visited 2 branches of the dungeon, and saw 9 of its levels.

You collected 610 gold pieces.
You spent 24 gold pieces at shops.
You paid 100 gold pieces to Gozag.

Inventory:

Jewellery
 i - an amulet of reflection (around neck)
 j - a +6 ring of intelligence
 s - a +6 ring of dexterity (left branch)
Wands
 t - a wand of flame (16)
Scrolls
 a - a scroll of magic mapping
 b - a scroll of blinking
 c - 2 scrolls of teleportation
 d - a scroll of enchant armour
 f - 2 scrolls of identify
 g - 2 scrolls of fear
 h - 2 scrolls of butterflies
 m - 2 scrolls of amnesia
 n - a scroll of noise
 q - a scroll of enchant weapon
Potions
 e - a potion of degeneration
 l - 2 potions of brilliance
 o - a potion of attraction
 u - a potion of berserk rage


   Skills:
 - Level 2.7 Dodging
 - Level 2.7 Stealth
 + Level 5.7 Spellcasting
 * Level 8.6 Conjurations
 + Level 7.5 Hexes


You had 5 spell levels left.
You knew the following spells:

 Your Spells              Type           Power      Damage    Failure   Level
a - Magic Dart            Conj           100%       1d8       1%          1
b - Searing Ray           Conj           100%       2d8       1%          2
c - Fulminant Prism       Conj/Hex       24%        3d13      2%          4
d - Iskenderun's Mystic   Conj/Tloc      29%        2d7       12%         4
e - Apportation           Tloc           14%        N/A       7%          1

Your spell library contained the following spells:

 Spells                   Type           Power      Damage    Failure   Level
 Dazzling Flash           Conj/Hex       98%        N/A       1%          3
 Freeze                   Ice            28%        1d5       7%          1
 Necrotise                Necr           28%        1d5       7%          1
 Summon Small Mammal      Summ           28%        N/A       7%          1
 Hailstorm                Conj/Ice       29%        3d8       12%         4
 Frozen Ramparts          Ice            14%        1d3       22%         3


Dungeon Overview and Level Annotations

Branches:
Dungeon (8/15)             Temple (1/1) D:5
   Lair: D:8-11

Altars:
Dithmenos
Elyvilon
Gozag
Okawaru
Qazlal
Ru
Sif Muna
Trog
Uskayaw
Xom
Yredelemnul

Shops:
D:1 (   D:2 ?   D:8 [

Annotations:
D:4 exclusion: downstairs
D:5 2 runed translucent doors, AllHailThrall's ghost, novice HOFi
D:6 Dowan; Duvessa; Pikel


Innate Abilities, Weirdness & Mutations

You are a tree.
Your roots penetrate the ground, keeping you stationary.
You cannot be teleported.
You are immune to unholy pain and torment.
Your maximum health is greatly increased.
((You have sharp claws.))
((You have razor-sharp teeth.))
You have supernaturally acute eyesight. (SInv)
((You cover ground quickly. (Speed+)))
((Your thick and shaggy fur keeps you warm. (AC +3, rC+)))
((Your paws help you pounce on unaware monsters.))
You are incapable of wielding weapons or throwing items.
You cannot wear armour.
You gain extra lives every three experience levels.
Your mind is acute. (Int +4, Str/Dex -1)
You are robust. (+10% HP)
You expend magic power (3 MP) to strengthen your wands.


Message History

Press: ? - help, Shift-Dir - straight line, f - necrophage
Aim: a necrophage (83% to hit)
The searing ray misses the necrophage. (Press . to maintain the ray.) Unknown command.
The searing ray hits the necrophage!
The necrophage is moderately damaged.
The necrophage hits you but does no damage.
Unknown command.
The searing ray hits the necrophage!
The necrophage is severely damaged.
The necrophage completely misses you.
Unknown command.
The searing ray hits the necrophage.
The necrophage is almost destroyed.
You finish channelling your searing ray.
The necrophage hits you but does no damage.
Unknown command.
Casting: Searing Ray (safe; 1% risk of failure)
Confirm with . or Enter, or press ? or * to list all spells.
Aiming: Magic Dart (safe; 1% risk of failure)
Press: ? - help, Shift-Dir - straight line, f/p - necrophage
Aim: a necrophage (almost destroyed, 100% to hit)
The magic dart hits the necrophage.
The necrophage is almost destroyed.
The necrophage hits you but does no damage.
Unknown command.
Unknown command.
You hit the necrophage.
You destroy the necrophage!
You start resting.
Your transformation is almost over.
A gnoll comes into view.
It is wielding a +0 spear and quivering silver javelins.
A gnoll is nearby!
A gnoll is nearby!
The gnoll throws a silver javelin.
The silver javelin pierces through you!
* * * LOW HITPOINT WARNING * * *
The silver sears you!
You die...
Your body crumbles into a pile of gold.

#.#.#.##............#.....#
...##.#............##.....#
.⌠...⌠..#..........##.....#
...##.####.......###..###.#
#.#.#.# ##.....###..## #
#.##.. ##..####..## .⌠...⌠#
######..## #.####.. ##..##
#.# #.# #$♣## ..# .. #.###
## ... ..$.. # ....... .#
$...... ..# .g..... ...
....... ###


You could see a gnoll.

Vanquished Creatures
  Grinder (D:5)
  A water moccasin (D:5)
  A black bear (D:8)
  A centaur (D:6)
  A phantom (D:5)
  A lemure (D:6)
  A kobold brigand (D:8)
  Blork the orc (D:6)
  2 bullfrogs (D:6)
  A scorpion (D:5)
  A necrophage (D:8)
  2 wights (D:7)
  A killer bee (D:6)
  3 howler monkeys (D:8)
  A gnoll bouda (D:6)
  5 hounds
  2 jellies
  An iguana (D:6)
  5 orc wizards
  15 gnolls
  10 adders
  A white imp (D:6)
  3 worms
  2 dart slugs
  12 orcs
  7 ball pythons
  3 bats
  6 endoplasms
  4 giant cockroaches
  8 goblins
  3 hobgoblins
  2 quokkas
  A frilled lizard (D:1)
  6 kobolds
  6 rats
121 creatures vanquished.

Vanquished Creatures (others)
  2 fungi (D:5)
  3 plants (D:8)
5 creatures vanquished.

Grand Total: 126 creatures vanquished

Notes
Turn   | Place    | Note
-------+----------+-------------------------------------------
     0 | D:1      | 112233 the Felid Conjurer began the quest for the Orb.
     0 | D:1      | Reached XP level 1. HP: 7/7 MP: 4/4
   391 | D:1      | Reached XP level 2. HP: 11/11 MP: 1/6
   585 | D:1      | Found a faded altar of an unknown god.
   720 | D:1      | Reached skill level 4 in Conjurations
   883 | D:1      | Found Vyul's Weapon Boutique.
  1258 | D:1      | Learned a level 2 spell: Searing Ray
  1501 | D:2      | Reached XP level 3. HP: 14/14 MP: 1/7
  1562 | D:2      | Found Retib's Magic Scroll Emporium.
  1569 | D:2      | Bought a scroll of identify for 24 gold pieces
  2422 | D:2      | Reached XP level 4. HP: 18/18 MP: 6/9
  2781 | D:3      | Learned a level 4 spell: Fulminant Prism
  3161 | D:3      | You fall into a shaft and drop 3 floors!
  3247 | D:5      | Entered Level 5 of the Dungeon
  3376 | D:4      | Reached skill level 5 in Conjurations
  3665 | D:3      | Found a shimmering altar of Xom.
  3843 | D:3      | Reached skill level 1 in Hexes
  3843 | D:3      | Reached XP level 5. HP: 21/21 MP: 5/10
  4999 | D:5      | Found a staircase to the Ecumenical Temple.
  5008 | Temple   | Entered the Ecumenical Temple
  5015 | Temple   | Became a worshipper of Gozag Ym Sagoz the Greedy
  5024 | D:5      | Found a runed translucent door.
  5078 | D:5      | Found a shimmering blue altar of Sif Muna.
  5202 | D:5      | Found a white marble altar of Elyvilon.
  5214 | D:5      | Noticed Grinder
  5289 | D:5      | Found a runed translucent door.
  5289 | D:5      | Noticed AllHailThrall's ghost (novice HOFi)
  5304 | D:5      | Noticed a phantom
  5315 | D:4      | HP: 1/21 [hound (5)]
  5551 | D:5      | Killed a phantom
  5552 | D:5      | Gained mutation: You are covered in thick fur. (AC +2)
                  | [Felid growth]
  5552 | D:5      | Reached XP level 6. HP: 24/24 MP: 5/12
  5942 | D:5      | Found a stormy altar of Qazlal.
  5948 | D:5      | Reached skill level 6 in Conjurations
  6345 | D:6      | Noticed Blork the orc
  6352 | D:6      | Killed Blork the orc
  6353 | D:6      | Reached XP level 7. HP: 27/27 MP: 4/14
  7062 | D:5      | Reached skill level 5 in Hexes
  7185 | D:5      | Learned a level 4 spell: Iskenderun's Mystic Blast
  7393 | D:6      | Noticed Dowan
  7406 | D:6      | Reached skill level 7 in Conjurations
  7657 | D:5      | Killed Grinder
  7658 | D:5      | Reached XP level 8. HP: 28/31 MP: 12/16
  9000 | D:6      | Shot with an arrow by a centaur
  9001 | D:6      | Reached XP level 7. HP: 0/27 MP: 12/15
  9034 | D:6      | Reached skill level 5 in Spellcasting
  9054 | D:6      | Noticed Duvessa
  9102 | D:6      | Slain by a killer bee
  9103 | D:6      | Reached XP level 6. HP: -4/24 MP: 14/14
  9123 | D:6      | Noticed Pikel
  9663 | D:7      | Reached skill level 8 in Conjurations
  9663 | D:7      | Reached XP level 7. HP: 27/27 MP: 1/15
  9715 | D:8      | Gained mutation: Your mind is acute. (Int +4, Str/Dex -1)
                  | [potion of mutation]
  9715 | D:8      | Gained mutation: You expend magic power (3 MP) to
                  | strengthen your wands. [potion of mutation]
  9715 | D:8      | Gained mutation: Your thick and shaggy fur keeps you warm.
                  | (AC +3, rC+) [potion of mutation]
  9715 | D:8      | Gained mutation: You are robust. (+10% HP) [potion of
                  | mutation]
 10105 | D:8      | Found Aczeepp's Antique Armour Emporium.
 10164 | D:8      | Learned a level 1 spell: Apportation
 10211 | D:8      | HP: 2/43 [gnoll/silver javelin (7)]
 10211 | D:8      | Hit by a silver javelin thrown by a gnoll

Illustrated notes

Levels and vault maps discovered:
D:1:      wander_arrival_fairy_ring, layout_basic, serial_shops, shop,
          shapermc_ecumenical_altar_notcrosses, chequers_serial_rivers_room_a,
          minmay_crystal_room
D:2:      layout_basic, serial_shops, shop, minmay_split_cup_small
D:3:      layout_basic, lemuel_round_altar
D:4:      layout_basic
D:5:      layout_loops_ring, old_standard_altar, mainiacjoe_overflow_boulevard,
          mainiacjoe_overflow_surrounded_room, ebering_ghost_sewer_f,
          uniq_grinder
D:6:      layout_basic, uniq_blork_the_orc, uniq_duvessa, uniq_pikel
D:7:      layout_loops_ring, mainiacjoe_overflow_large_starburst,
          dk_noncrumbling_2, uniq_crazy_yiuf_cottage
D:8:      layout_cave_pods, lightli_bailey_entry_fortress, serial_shops,
          kennysheep_little_box, nicolae_shop_hallway_plus,
          nicolae_shop_hallway_plus, shop, kennysheep_mini, st_stairs_3,
          roderic_three_in_a_row, serial_bayou_crossing
Temple:   nicolae_temple_ecumenical_triangle

Skill      XL: |  1  2  3  4  5  6  7  8 |
---------------+-------------------------+-----
Conjurations   | 4 5 8 7 |  8.6
Spellcasting   | 3 4 5 |  5.7
Hexes          | 1 2 4 7 6 |  7.5
Dodging        | |  2.7
Stealth        | |  2.7

Action                   |  1- 3 |  4- 6 |  7- 9 || total
-------------------------+-------+-------+-------++-------
Melee: Unarmed           |    13 |     4 |    18 ||    35
       Bite              |     2 |       |     2 ||     4
       Punch             |       |     1 |       ||     1
 Cast: Magic Dart        |    66 |   140 |    54 ||   260
       Searing Ray       |     1 |    26 |    28 ||    55
  Use: Scroll            |     5 |     2 |     8 ||    15
       Potion            |     1 |     6 |     8 ||    15
 Stab: Invisible         |       |       |     1 ||     1
Armor: Skin              |     1 |     3 |    12 ||    16
Dodge: Dodged            |    44 |    55 |    47 ||   146
Block: Other             |       |       |     3 ||     3
       Reflection        |       |       |     1 ||     1
